 Dungeon Crawl Stone Soup version bcrawl-1.19.2-6-g6a88ae04c9 (webtiles) character file.

Game seed: 5584621252605370203

60 Freyura the Twirler (level 3, -4/42 HPs)
             Began as a Demonspawn Gladiator on Dec 22, 2019.
             Slain by an ice beast (18 damage)
             ... on level 3 of the Dungeon.
             The game lasted 00:04:27 (1641 turns).

Freyura the Twirler (Demonspawn Gladiator)          Turns: 1641, Time: 00:04:27

Health: -4/42      AC: 21    Str: 14    XL:     3   Next: 82%
Magic:  3/3        EV:  2    Int:  9    God:
Gold:   137        SH:  0    Dex: 15    Spells: 2/2 levels left

rFire    + . .     SeeInvis .   a - +0 quarterstaff
rCold    x . .     Gourm    .   (shield currently unavailable)
rNeg     + + +     Faith    .   (armour currently unavailable)
rPois    +         Spirit   .   (helmet currently unavailable)
rElec    .         Reflect  .   (cloak currently unavailable)
rCorr    .         Harm     .   (gloves currently unavailable)
MR       .....     NoTele   +   (boots currently unavailable)
Stlth    +.........             (no amulet)
HPRegen  0.14/turn              l - ring of fire
MPRegen  0.08/turn              (no ring)

@: tree-form
A: powered by death 1
a: no special abilities


You were on level 3 of the Dungeon.
You were not hungry.
You were a tree.
You visited 1 branch of the dungeon, and saw 3 of its levels.

You collected 137 gold pieces.

Inventory:

Hand Weapons
 a - a +0 quarterstaff (weapon)
Missiles
 d - 3 throwing nets (quivered) {!f}
Armour
 b - a +0 leather armour
 c - a +0 helmet (melded)
 r - a +0 scale mail of cold resistance (melded)
Jewellery
 l - a ring of fire (left branch)
 s - an uncursed ring of protection from magic
Scrolls
 g - a scroll of identify
Potions
 h - 2 potions of brilliance
 j - a potion of berserk rage {unknown}
 k - a potion of lignification
 n - a potion of might {unknown}
 o - a potion of flight {unknown}
 p - 4 potions of ambrosia {unknown}
Comestibles
 f - 4 rations {!d}


   Skills:
 + Level 2.6 Fighting
 * Level 3.4 Staves
 - Level 1.7 Throwing
 + Level 1.1 Armour
 + Level 3.1 Dodging


You had 2 spell levels left.
You didn't know any spells.
Your spell library was empty.

Dungeon Overview and Level Annotations

Branches:
Dungeon (3/12)

Altars:
The Shining One


Innate Abilities, Weirdness & Mutations

You regenerate a little health from kills.


Message History

The ice beast hits you but does no damage.
You hit the ice beast.
The ice beast is heavily wounded.
The ice beast hits you but does no damage.
The bat hits you but does no damage.
You hit the ice beast but do no damage.
The ice beast is heavily wounded.
The bat barely misses you. The ice beast barely misses you.
You closely miss the ice beast.
The ice beast is heavily wounded.
The ice beast hits you but does no damage. x2
You hit the ice beast but do no damage.
The ice beast is heavily wounded.
The bat hits you but does no damage.
The ice beast hits you but does no damage.
You hit the ice beast.
The ice beast is severely wounded.
The bat hits you but does no damage. The ice beast hits you.
The ice beast freezes you!!
You feel a terrible chill!
You die...

.....##...# #...#####.#
##.## #.# #(# #.# #.
#.# ###### ..
#.###..... ..[ #....#..
#
.....#####.###Y###..###
..........## ##♣b......
.....#####.###.###..###
... ##.#.## # . ##.##
#.# #.# #.# #.# #.#


You could see an ice beast and a bat.

Vanquished Creatures
  A worker ant (D:3)
  2 dart slugs (D:2)
  A leopard gecko (D:1)
  4 giant cockroaches
  9 hobgoblins
  A quokka (D:2)
  A ball python (D:1)
  3 bats (D:1)
  4 frilled lizards
  3 kobolds
  2 rats
31 creatures vanquished.

Vanquished Creatures (others)
  A ghoul (D:1)
  2 octopodes (D:1)
  A troll (D:1)
  2 spriggans (D:1)
  A human (D:1)
  2 nagas (D:1)
  A dwarf (D:1)
  A mummy (D:1)
  An orc (D:1)
  12 tentacles (D:1)
24 creatures vanquished.

Grand Total: 55 creatures vanquished

Notes
Turn   | Place    | Note
-------+----------+-------------------------------------------
     0 | D:1      | Freyura the Demonspawn Gladiator began the quest for the
                  | Orb.
     0 | D:1      | Reached XP level 1. HP: 16/16 MP: 1/1
     0 | D:1      | Noticed a spriggan
     0 | D:1      | Noticed a dwarf
     0 | D:1      | Noticed an octopode
     0 | D:1      | Noticed a human
     0 | D:1      | Noticed an octopode
     0 | D:1      | Noticed a naga
     0 | D:1      | Noticed a kraken
     0 | D:1      | Noticed a naga
     0 | D:1      | Noticed a troll
     0 | D:1      | Noticed a spriggan
     0 | D:1      | Noticed a ghoul
     3 | D:1      | Killed a spriggan
     7 | D:1      | Killed a troll
     7 | D:1      | Killed an octopode
     9 | D:1      | Killed a spriggan
     9 | D:1      | Killed an octopode
    12 | D:1      | Killed a dwarf
    14 | D:1      | Killed a ghoul
    17 | D:1      | Killed a naga
    18 | D:1      | Killed a human
    19 | D:1      | Killed a naga
   137 | D:1      | Gained mutation: You regenerate a little health from kills.
                  | [demonic ancestry]
   137 | D:1      | Reached XP level 2. HP: 22/22 MP: 2/2
   686 | D:2      | Reached XP level 3. HP: 28/28 MP: 3/3
  1029 | D:2      | Found a glowing golden altar of the Shining One.
  1419 | D:3      | Reached skill level 1 in Armour
  1627 | D:3      | Noticed an ice beast
  1641 | D:3      | Slain by an ice beast

Skill      XL: |  1  2  3 |
---------------+----------+-----
Staves         | 3 |  3.4
Dodging        | 3 |  3.1
Armour         | 1 |  1.1
Fighting       | |  2.6
Throwing       | |  1.7

Action                   || total
-------------------------++-------
Melee: Quarterstaff      ||   101
  Use: Scroll            ||     5
       Potion            ||     1
 Stab: Sleeping          ||     1
  Eat: Chunk             ||     2
Armor: Leather armour    ||    20
       Scale mail        ||    26
       Skin              ||     9
Dodge: Dodged            ||    92
